 Dungeon Crawl Stone Soup version 0.27-a0-1090-gb115f176c6 (webtiles) character file.

Game seed: 9311305958089952982

640 rjrrt the Chopper (level 7, 49/52 HPs)
             Began as a Demonspawn Berserker on Apr 27, 2021.
             Was a Believer of Trog.
             Quit the game on level 5 of the Dungeon.
             The game lasted 00:07:56 (5383 turns).

rjrrt the Chopper (Demonspawn Berserker)            Turns: 5383, Time: 00:07:57

Health: 49/52      AC:  9    Str: 19    XL:     7   Next: 26%
Magic:  7/7        EV: 14    Int: 14    God:    Trog [**....]
Gold:   259        SH:  0    Dex: 13    Spells: 6/6 levels left

rFire    . . .     SeeInvis .   a - +4 hand axe (flame)
rCold    . . .     Faith    .   (no shield)
rNeg     + . .     Spirit   .   t - +2 scale mail {rN+}
rPois    .         Reflect  .   m - +0 helmet
rElec    .         Harm     .   (no cloak)
rCorr    .         Rampage  .   (no gloves)
Will     .....                  (no boots)
Stlth    ..........             (no amulet)
HPRegen  0.17/turn              o - +6 ring of intelligence
MPRegen  0.10/turn              p - +4 ring of evasion

@: on berserk cooldown, slowed, very slow
A: claws 2, hooves 1, demonic magic 1
a: Renounce Religion, Berserk, Trog's Hand


You were on level 5 of the Dungeon.
You worshipped Trog.
Trog was pleased with you.
You visited 1 branch of the dungeon, and saw 5 of its levels.

You collected 259 gold pieces.

Inventory:

Hand Weapons
 a - a +4 hand axe of flaming (weapon)
Missiles
 g - 9 poisoned darts (quivered)
Armour
 m - a +0 helmet (worn)
 t - a +2 scale mail of positive energy (worn)
Jewellery
 o - a +6 ring of intelligence (left claw)
 p - a +4 ring of evasion (right claw)
Wands
 n - a wand of charming (11)
Scrolls
 d - a scroll of enchant weapon
 h - 3 scrolls of identify
 i - 2 scrolls of teleportation
Potions
 b - a potion of attraction
 e - a potion of invisibility
 k - 3 potions of heal wounds
 q - a potion of berserk rage
 r - a potion of haste
 s - a potion of might


   Skills:
 - Level 3.0 Fighting
 + Level 7.8 Axes
 - Level 1.7 Armour
 - Level 1.7 Dodging


You had 6 spell levels left.
You didn't know any spells.
Your spell library was empty.

Dungeon Overview and Level Annotations

Branches:
Dungeon (5/15)
 Temple: D:4-7

Altars:

Shops:
D:5 [


Innate Abilities, Weirdness & Mutations

You have very sharp fingernails.
You have large cloven feet.
Spells you cast may paralyse adjacent enemies.


Message History

Unknown command.
You closely miss the sky beast.
The sky beast is lightly wounded.
You hit the shadow imp. You burn the shadow imp.
The sky beast hits you but does no damage.
The shadow imp hits you but does no damage.
You slash the shadow imp! You burn the shadow imp.
You kill the shadow imp!
Trog accepts your kill.
You hit the sky beast. You burn the sky beast.
Unknown command.
You slash the sky beast! You burn the sky beast.
Your kick misses the sky beast.
The sky beast is severely wounded.
The sky beast flickers out of sight!
Deactivating autopickup; reactivate with Ctrl-A.
Something hits you but does no damage.
Unknown command.
No target in view!
Unknown command.
No target in view!
Unknown command.
No target in view!
Unknown command.
No target in view!
You miss something. You kick something! Trog accepts your kill.
Reactivating autopickup.
You feel a bit more experienced.
Unknown command.
You see here a sky beast corpse.
You feel a strong urge to attack something.
You see here a sky beast corpse.
You feel your anger nearly subside.
Unknown command.
You are no longer berserk.
You are exhausted.
You feel yourself slow down.
There is an entrance to Ekkozak's Armour Boutique here.
Are you sure you want to abandon this character and quit the game? (Confirm with "yes".)

######### #.......#
###(......###
..........>#
#.......#.#
###@#....#.#
#..∩.....#.#
#.#.#....#.#
#.†......#.#
#........######.#
#........# #.#
#........######.#####
#$..................#
#...................#


There were no monsters in sight!

Vanquished Creatures
  A sky beast (D:5)
  A necrophage (D:5)
  2 scorpions (D:5)
  A water moccasin zombie (D:5)
  A hound (D:5)
  A bullfrog skeleton (D:5)
  A centaur skeleton (D:5)
  An iguana (D:5)
  A hound zombie (D:5)
  A hound skeleton (D:4)
  A gnoll (D:1)
  4 adders
  A shadow imp (D:5)
  An adder skeleton (D:4)
  2 dart slugs
  6 orcs (D:4)
  4 ball pythons
  4 endoplasms
  5 giant cockroaches
  9 goblins
  3 hobgoblins
  9 jackals
  7 kobolds
  5 quokkas
  7 bats
  3 frilled lizards (D:1)
  4 rats
86 creatures vanquished.

Notes
Turn   | Place    | Note
-------+----------+-------------------------------------------
     0 | D:1      | rjrrt the Demonspawn Berserker began the quest for the Orb.
     0 | D:1      | Reached XP level 1. HP: 18/18 MP: 1/1
    43 | D:1      | Reached skill level 3 in Axes
   446 | D:1      | Gained mutation: You have sharp fingernails. [demonic
                  | ancestry]
   446 | D:1      | Reached XP level 2. HP: 22/24 MP: 2/2
  1225 | D:1      | Gained mutation: You have very sharp fingernails. [demonic
                  | ancestry]
  1225 | D:1      | Reached XP level 3. HP: 27/29 MP: 3/3
  1305 | D:1      | Reached skill level 4 in Axes
  1665 | D:2      | Reached ** piety under Trog
  1826 | D:2      | Found a faded altar of an unknown god.
  2709 | D:3      | Reached XP level 4. HP: 34/35 MP: 4/4
  3941 | D:4      | Reached skill level 5 in Axes
  4411 | D:4      | Reached XP level 5. HP: 41/41 MP: 5/5
  4797 | D:5      | Entered Level 5 of the Dungeon
  4964 | D:5      | Reached skill level 6 in Axes
  5199 | D:5      | Gained mutation: Spells you cast may paralyse adjacent
                  | enemies. [demonic ancestry]
  5199 | D:5      | Reached XP level 6. HP: 47/47 MP: 6/6
  5249 | D:5      | Reached skill level 7 in Axes
  5354 | D:5      | Found Ekkozak's Armour Boutique.
  5363 | D:5      | Noticed a sky beast
  5370 | D:5      | Gained mutation: You have large cloven feet. [demonic
                  | ancestry]
  5370 | D:5      | Reached XP level 7. HP: 48/52 MP: 7/7
  5383 | D:5      | Quit the game

Illustrated notes

Levels and vault maps discovered:
D:1:      minmay_arrival_up_and_down, layout_loops_ring
D:2:      layout_loops_ring, hellmonk_ecumenical_altar_arch_garden
D:3:      layout_basic, kennysheep_small_spiral
D:4:      layout_basic
D:5:      layout_basic, overflow_temple_1_default, serial_shops,
          nicolae_shop_crystal

Skill      XL: |  1  2  3  4  5  6 |
---------------+-------------------+-----
Axes           | 3 4 5 6 7 |  7.8
Fighting       | |  3.0
Armour         | |  1.7
Dodging        | |  1.7

Action                   |  1- 3 |  4- 6 |  7- 9 || total
-------------------------+-------+-------+-------++-------
Melee: Hand axe          |   147 |   156 |     5 ||   308
       Kick              |       |       |     1 ||     1
Invok: Berserk           |     4 |     6 |     1 ||    11
  Use: Scroll            |       |    12 |       ||    12
 Stab: Sleeping          |     1 |     1 |       ||     2
Armor: Animal skin       |    12 |       |       ||    12
       Leather armour    |    26 |    32 |       ||    58
       Scale mail        |       |    25 |     3 ||    28
Dodge: Dodged            |   104 |   113 |     1 ||   218

Table legend: (Time is in decaauts)
 A = Elapsed time spent in this place.
 B = Non-inter-level travel time spent in this place.
 C = Inter-level travel time spent in this place.
 D = Time resting spent in this place.
 E = Time spent auto-exploring this place.
 F = Levels seen in this place.
 G = Mean time per level.
                   A        B        C        D        E       F      G
               +--------+--------+--------+--------+--------+-----+--------+
         Total |   5501 |   5407 |     94 |    764 |   3781 |   5 | 1100.2 |
       Dungeon |   5501 |   5407 |     94 |    764 |   3781 |   5 | 1100.2 |
               +--------+--------+--------+--------+--------+-----+--------+

Top non-repeatable levels by time:
     D:1: 1684 daAuts
     D:3: 1454 daAuts
     D:4: 898 daAuts
     D:2: 860 daAuts
     D:5: 603 daAuts
